 Dungeon Crawl Stone Soup version 0.23-a0-73-g64c3ba73d4 (webtiles) character file.

150150 Oravi the Severer (level 17, -12/158 HPs)
             Began as a Hill Orc Fighter on Aug 10, 2018.
             Was a High Priest of Beogh.
             Killed from afar by a deep elf death mage (63 damage)
             ... with a bolt of negative energy
             ... on level 3 of the Elven Halls.
             The game lasted 03:43:52 (31001 turns).

Oravi the Severer (Hill Orc Fighter)               Turns: 31001, Time: 03:43:53

Health: -12/158    AC: 30    Str: 23    XL:     17   Next: 53%
Magic:  38/38      EV:  7    Int:  5    God:    Beogh [*****.]
Gold:   2057       SH: 14    Dex: 17    Spells: 16/16 levels left

rFire    + + +     SeeInvis .   U - +4 broad axe (vamp)
rCold    + . .     Gourm    .   c - +0 shield
rNeg     . . .     Faith    .   b - +3 plate armour
rPois    .         Spirit   .   s - +0 helmet
rElec    .         Reflect  .   a - +2 cloak
rCorr    .         Harm     .   i - +0 pair of gloves
MR       ++...                  w - +2 pair of boots
Stlth    ..........             e - amulet of regeneration
HPRegen  0.76/turn              G - ring of Engachee {rF+++ Str+4 Int-4 Dex+7}
MPRegen  0.26/turn              D - ring "Mano" {+Blink rC+ MR+ MP+9}

@: drained
A: walk on water, dopey 2, weak 1
a: Smiting, Recall Orcish Followers, Give Item to Named Follower, Renounce
Religion, Evoke Blink


You were on level 3 of the Elven Halls.
You worshipped Beogh.
Beogh was extremely pleased with you.
You were not hungry.

You visited 4 branches of the dungeon, and saw 26 of its levels.
You also visited: Labyrinth.

You collected 2319 gold pieces.
You spent 262 gold pieces at shops.

Inventory:

Hand Weapons
 Q - the +1 broad axe of Causality {chop, +Rage MR+ Str+3}
   (You found it on level 9 of the Dungeon)

   It inflicts extra damage upon your enemies.
   It affects your strength (+3).
   It affects your resistance to hostile enchantments.
   It lets you go berserk.
 U - a +4 vampiric broad axe (weapon)
 W - the +6 spear of Wyrd {vamp, Dex+2, unknown}
   (You found it on level 1 of the Elven Halls)

   It inflicts no extra harm, but heals its wielder when it wounds a living foe.
   It affects your dexterity (+2).
Missiles
 g - 17 javelins of penetration (quivered)
 E - 3 curare-tipped needles
 L - 174 bolts
 N - a throwing net
 Z - 596 arrows
Armour
 a - a +2 cloak (worn)
 b - a +3 plate armour (worn)
 c - a +0 shield (worn)
 i - a +0 pair of gloves (worn)
 s - a +0 helmet (worn)
 w - a +2 pair of boots (worn)
Jewellery
 e - an amulet of regeneration (around neck)
 k - a +4 ring of strength
 l - the ring of the Water Diviner {+Fly Str+4 Int+4 Slay+2}
   (You took it off a deep elf demonologist on level 3 of the Elven Halls)

   [ring of intelligence]

   It affects your strength (+4).
   It affects your intelligence (+4).
   It affects your accuracy and damage with ranged weapons and melee attacks
   (+2).
   It lets you fly.
 n - an uncursed ring of poison resistance
 q - an uncursed ring of fire
 A - an uncursed ring of protection from magic
 D - the ring "Mano" (right hand) {+Blink rC+ MR+ MP+9}
   (You found it on level 4 of the Dungeon)

   [ring of protection from cold]

   It protects you from cold.
   It affects your resistance to hostile enchantments.
   It affects your magic capacity (+9).
   It lets you blink.
 G - the ring of Engachee (left hand) {rF+++ Str+4 Int-4 Dex+7}
   (You found it on level 1 of the Elven Halls)

   [ring of strength]

   It affects your strength (+4).
   It affects your intelligence (-4).
   It affects your dexterity (+7).
   It renders you almost immune to fire.
Wands
 j - a wand of random effects (2)
 B - a wand of iceblast (12)
 C - a wand of paralysis (17)
 I - a wand of acid (6)
 J - a wand of scattershot (15)
 R - a wand of polymorph (19)
 T - a wand of flame (21)
 X - a wand of clouds (4)
 Y - a wand of disintegration (8)
Scrolls
 h - 2 scrolls of fog
 m - 4 scrolls of magic mapping
 o - 16 scrolls of remove curse
 u - 4 scrolls of enchant armour
 v - 2 scrolls of amnesia
 x - 2 scrolls of blinking
 y - 8 scrolls of identify
 H - 3 scrolls of fear
 P - 10 scrolls of teleportation
Potions
 d - a potion of might
 p - 3 potions of brilliance
 t - a potion of agility
 z - a potion of flight
 F - 6 potions of curing
 K - 2 potions of invisibility
 M - 4 potions of haste
 O - 2 potions of heal wounds
 S - a potion of magic
 V - a potion of cancellation
Comestibles
 f - 35 rations
 r - 4 chunks of flesh


   Skills:
 + Level 16.2(15.1) Fighting
 - Level 18.0(16.8) Axes
 + Level 15.3(14.2) Armour
 + Level 14.7(13.5) Shields
 + Level 17.2(16.1) Invocations


You had 16 spell levels left.
You didn't know any spells.
Your spell library contained the following spells:

 Spells                   Type           Power        Failure   Level  Hunger
 Magic Dart               Conj           #...         99%         1    ##.....
 Conjure Flame            Conj/Fire      #.......     100%        3    ####...
 Bolt of Cold             Conj/Ice       #.........   100%        6    #######
 Lightning Bolt           Conj/Air       #.........   100%        5    ######.
 Slow                     Hex            #.......     100%        2    ###....
 Confuse                  Hex            #.......     100%        3    ####...
 Mephitic Cloud           Conj/Pois/Air  #.......     100%        3    ####...
 Blink                    Tloc           N/A          100%        2    ###....
 Iskenderun's Mystic Bla  Conj           #.......     100%        4    #####..
 Animate Dead             Necr           N/A          100%        4    #####..
 Pain                     Necr           #...         99%         1    ##.....
 Animate Skeleton         Necr           N/A          99%         1    ##.....
 Vampiric Draining        Necr           #.........   100%        3    ####...
 Ozocubu's Armour         Chrm/Ice       #.......     100%        3    ####...
 Call Imp                 Summ           #.......     100%        2    ###....
 Regeneration             Chrm/Necr      #.........   100%        3    ####...
 Tukima's Dance           Hex            #.......     100%        3    ####...
 Stone Arrow              Conj/Erth      #.....       100%        3    ####...
 Shock                    Conj/Air       #...         99%         1    ##.....
 Swiftness                Chrm/Air       #.......     100%        2    ###....
 Throw Icicle             Conj/Ice       #.......     100%        4    #####..
 Airstrike                Air            #.........   100%        4    #####..
 Confusing Touch          Hex            #.....       99%         1    ##.....
 Passwall                 Tmut/Erth      #.......     100%        2    ###....
 Ensorcelled Hibernation  Hex/Ice        #.....       100%        2    ###....
 Metabolic Englaciation   Hex/Ice        #.........   100%        5    ######.
 Static Discharge         Conj/Air       #.......     100%        3    ####...
 Corona                   Hex            #......      99%         1    ##.....
 Lee's Rapid Deconstruct  Erth           #.........   100%        5    ######.
 Sandblast                Erth           #.....       99%         1    ##.....
 Excruciating Wounds      Chrm/Necr      #.........   100%        5    ######.
 Petrify                  Tmut/Erth      #.......     100%        4    #####..
 Iskenderun's Battlesphe  Conj/Chrm      #.......     100%        5    ######.
 Fulminant Prism          Conj/Hex       #.........   100%        4    #####..
 Dazzling Spray           Conj/Hex       #.....       100%        3    ####...
 Force Lance              Conj/Tloc      #.......     100%        4    #####..
 Infusion                 Chrm           #...         99%         1    ##.....
 Song of Slaying          Chrm           #.......     100%        2    ###....
 Searing Ray              Conj           #.....       100%        2    ###....
 Summon Forest            Summ/Tloc      #.........   100%        5    ######.
 Gell's Gravitas          Tloc           #.........   100%        3    ####...
 Yara's Violent Unravell  Hex/Tmut       #.........   100%        5    ######.


Dungeon Overview and Level Annotations

Branches:
Dungeon (15/15)            Temple (0/1) D:7            Lair (6/6) D:8
 Shoals (0/4) Lair:4        Snake (0/4) Lair:3        Slime (0/5) Lair:6
    Orc (2/2) D:12            Elf (3/3) Orc:2        Vaults (0/5) D:13
 Depths (0/5) D:15

Altars:
Dithmenos
Elyvilon
Gozag
Hepliaklqana
Nemelex Xobeh
Qazlal
Trog
Uskayaw
Wu Jian
Zin
Jiyva

Shops:
D:4 :   D:14 !   Orc:2 (:[*   Elf:1 (

Annotations:
D:6 2 transporters, Ablot's ghost, novice GnSk
Orc:1 2 runed doors, zluc's ghost, journeyman DEFE


Innate Abilities, Weirdness & Mutations

You can walk on water.
You are very dopey. (Int -4)
You are weak. (Str -2)


Message History

You feel much better.
The deep elf sorcerer casts a spell at you.
You easily resist.
The deep elf death mage beckons forth a restless soul! x2
Press: ? - help, v - describe, . - travel
Here: a deep elf sorcerer, wielding a rapier (moderately wounded, fast, spells empowered)
The floor.
Unknown command.
Your magical effects are unravelling.
You feel magically purged.
You are no longer corroded.
Margrim no longer looks unusually strong.
The deep elf sorcerer points at you and mumbles some strange words.
The sphere of damnation explodes!
The damnation engulfs you!
Margrim closely misses the ghostly deep elf high priest.
Your orc knight roars a battlecry!
Margrim goes into a battle-frenzy!
The deep elf death mage gestures at you while chanting.
The bolt of negative energy hits you!
You feel drained.
You die...

## ..## ....## ......#
.........## ..........##
......*....## #. #..#≈≈.
.......e.@..# #...#..#≈≈.
......⌠..e..## #...+..#≈≈.
.............# ...#..#≈≈.
#........eee.####'##..#≈≈.
#...........##...#..#≈≈.
##......)e..##...#..'...
#.......*.o##oo.'..)(..
##.......).o.o4.#..'...
#......)####...#..#o≈.


You could see a deep elf annihilator, 2 deep elf death magi, 2 deep elf
sorcerers, a ghostly deep elf high priest, 2 lost souls, the friendly Margrim
the orc warlord and a friendly orc knight.

Vanquished Creatures
  Rupert (Lair:6)
  A deep elf blademaster (Elf:2)
  Kirke (D:13)
  Agnes (D:14)
  3 deep elf sorcerers
  A stone giant (Orc:1)
  5 deep elf demonologists (Elf:3)
  Nessos (Lair:6)
  A minotaur (Lab)
  A deep elf death mage (Elf:3)
  Josephine (Lair:6)
  Harold (D:8)
  A deep elf high priest (Elf:3)
  8 hydras
  A vault guard (D:13)
  An anaconda (Lair:6)
  Erica (D:9)
  A catoblepas (Lair:6)
  A death knight (D:14)
  5 centaur warriors
  3 two-headed ogres
  3 death yaks (Lair:6)
  22 dancing weapons
  4 orc high priests
  13 deep elf knights
  2 unseen horrors
  3 wizards
  5 deep elf archers
  An orc knight (Orc:1)
  32 deep elf magi
  5 ugly things
  2 orc sorcerers
  2 cyclopes (D:13)
  A large abomination (Elf:1)
  A manticore (D:12)
  A black mamba (Lair:3)
  13 elephants
  A gargoyle (D:10)
  11 spiny frogs
  4 rime drakes
  A yaktaur (D:15)
  5 komodo dragons
  A tengu conjurer (D:15)
  4 trolls
  A polar bear (Lair:6)
  7 blink frogs
  5 dream sheep (Lair:3)
  6 hippogriffs
  4 slime creatures (D:15)
  A harpy skeleton (D:14)
  A snapping turtle (shapeshifter) (D:14)
  3 air elementals
  3 wraiths
  2 wyverns (Lair:3)
  5 hogs (D:13)
  6 water elementals
  10 humans (D:13)
  A yak (shapeshifter) (D:13)
  23 yaks
  3 basilisks
  3 fire elementals
  2 hungry ghosts
  2 wargs
  7 vampire mosquitoes
  2 two-headed ogre zombies (D:12)
  9 water moccasins
  A soldier ant (D:14)
  10 porcupines
  3 ice beasts
  2 sky beasts
  11 orc warriors
  5 phantoms
  A black bear (Lair:6)
  A hornet zombie (D:9)
  An eye of draining (D:13)
  13 ogres
  A wolf (Lair:6)
  6 centaurs
  A necrophage (D:10)
  10 crocodiles
  4 big kobolds
  A gnoll sergeant (D:11)
  18 bullfrogs
  An earth elemental (Elf:1)
  2 scorpions (D:4)
  A wyvern skeleton (D:12)
  2 water moccasin skeletons
  20 killer bees
  14 wights
  4 howler monkeys
  2 electric eels
  4 crimson imps
  A bullfrog zombie (D:7)
  4 centaur zombies
  3 centaur skeletons
  2 hounds
  2 jellies
  16 orc wizards
  A small abomination (Elf:1)
  8 orc priests
  5 iguanas
  Jessica (D:6)
  2 bullfrog skeletons
  8 worker ants
  5 ogre zombies (D:12)
  A howler monkey skeleton (D:8)
  12 gnolls
  11 adders
  2 shadow imps
  2 adder skeletons
  3 worms
  A dart slug (D:3)
  A leopard gecko (D:1)
  27 orcs
  6 bats
  5 giant cockroaches
  8 goblins
  5 hobgoblins
  16 jackals
  6 quokkas
  A frilled lizard (D:2)
  3 goblin zombies (D:12)
  A hobgoblin skeleton (D:12)
  2 hobgoblin zombies (D:12)
  20 kobolds
  2 orc skeletons (D:12)
  15 orc zombies (D:12)
  A quokka skeleton (D:7)
  3 rats
  A butterfly (Lair:3)
  3 plants
638 creatures vanquished.

Vanquished Creatures (collateral kills)
  2 deep elf blademasters (Elf:3)
  A deep elf sorcerer (Elf:3)
  An orc warlord (Orc:1)
  A deep elf demonologist (Elf:3)
  A dire elephant (Lair:6)
  Snorg (Lair:6)
  A deep elf death mage (Elf:3)
  A deep elf high priest (Elf:3)
  A hydra (D:14)
  A yaktaur captain (D:15)
  A catoblepas (Lair:4)
  A centaur warrior (D:15)
  A death yak (Lair:6)
  9 dancing weapons
  The ghost of EnergyMaker the Basher, a novice MiFi of Makhleb (D:9)
  A deep troll shaman (Lair:6)
  3 tengu warriors
  2 orc high priests
  A deep elf knight (Elf:2)
  6 deep elf archers
  15 deep elf magi
  2 necromancers (D:13)
  An orc knight (Orc:1)
  A wolf spider (Lair:6)
  3 cyclopes
  3 orc sorcerers
  2 ugly things (D:15)
  2 elephants (Lair:4)
  A manticore (D:13)
  A centaur zombie (D:12)
  5 black mambas
  3 spiny frogs
  3 centaur skeletons
  A kobold demonologist (D:15)
  3 komodo dragons
  3 freezing wraiths (D:14)
  A polar bear (Lair:4)
  A slime creature (D:15)
  4 large abominations (Elf:1)
  5 blink frogs
  A dream sheep (Lair:6)
  4 hippogriffs
  A vampire (D:15)
  A spriggan (Lair:4)
  3 wraiths
  A fire elemental (Elf:1)
  A water elemental (Elf:2)
  A wyvern (Lair:6)
  A hog (D:13)
  7 humans (D:13)
  6 yaks
  3 basilisks
  3 vampire mosquitoes
  A warg (Orc:2)
  7 water moccasins
  6 small abominations (Elf:1)
  10 orc warriors
  4 porcupines
  A hornet zombie (D:15)
  An ice beast (D:15)
  5 wolves (Lair:6)
  2 centaurs
  2 crocodiles (Lair:3)
  9 bullfrogs
  2 earth elementals (Elf:1)
  A wight (D:15)
  A quasit (D:13)
  4 orc priests
  4 orc wizards
  An iguana (D:11)
  A worker ant (D:13)
  An ogre zombie (D:12)
  A shadow imp (D:11)
  14 orcs
  2 orc zombies (D:12)
  2 butterflies (Lair:3)
  4 fungi
  2 plants (Elf:2)
218 creatures vanquished.

Vanquished Creatures (others)
  An orc sorcerer (Elf:3)
  An orc knight (Elf:3)
  A deep elf knight (Elf:2)
  3 deep elf magi
  12 orc priests
  6 orc warriors
  A water elemental (Elf:2)
  6 orc wizards
  An adder skeleton (D:4)
  27 orcs
  A frilled lizard (D:4)
  3 fungi (Lair:6)
  4 plants
67 creatures vanquished.

Grand Total: 923 creatures vanquished

Notes
Turn   | Place    | Note
-------+----------+-------------------------------------------
     0 | D:1      | Oravi the Hill Orc Fighter began the quest for the Orb.
     0 | D:1      | Reached XP level 1. HP: 19/19 MP: 1/1
    36 | D:1      | Reached skill level 3 in Axes
   168 | D:1      | Reached XP level 2. HP: 23/26 MP: 2/2
   266 | D:1      | Reached skill level 4 in Axes
   714 | D:2      | Reached XP level 3. HP: 31/31 MP: 3/3
   782 | D:2      | Found a hide-covered altar of Uskayaw.
  1258 | D:2      | Reached skill level 5 in Axes
  1427 | D:2      | Reached XP level 4. HP: 39/39 MP: 4/4
  2367 | D:4      | Reached XP level 5. HP: 45/45 MP: 5/5
  2426 | D:4      | Became a worshipper of Beogh the Brigand
  2511 | D:4      | Reached skill level 6 in Axes
  2511 | D:4      | Reached skill level 1 in Invocations
  2663 | D:4      | Reached XP level 6. HP: 30/52 MP: 7/7
  2731 | D:4      | Found an opulent altar of Gozag.
  2732 | D:4      | Found an ornate altar of the Wu Jian Council.
  2759 | D:4      | Got a brightly glowing turquoise ring
  2760 | D:4      | Identified the ring "Mano" {+Blink rC+ MR+ MP+9} (You found it on level 4 of the Dungeon)
  2929 | D:4      | Reached skill level 5 in Armour
  2980 | D:4      | Reached XP level 7. HP: 31/60 MP: 9/9
  3058 | D:4      | Found Julierch's Book Boutique.
  3192 | D:3      | Reached skill level 7 in Axes
  3244 | D:4      | Reached * piety under Beogh
  3475 | D:5      | Entered Level 5 of the Dungeon
  3557 | D:5      | Reached skill level 5 in Fighting
  3638 | D:5      | Found a bloodstained altar of Trog.
  3657 | D:5      | Found a stormy altar of Qazlal.
  3931 | D:5      | Reached XP level 8. HP: 69/69 MP: 11/11
  4051 | D:5      | Reached skill level 5 in Invocations
  4197 | D:5      | Reached skill level 8 in Axes
  4216 | D:5      | Got a brightly glowing hand axe {pain}
  4270 | D:5      | Found a hazy altar of Hepliaklqana.
  4273 | D:5      | Found a white marble altar of Elyvilon.
  4517 | D:5      | You fall through a shaft!
  4626 | D:5      | Found a shadowy altar of Dithmenos.
  4883 | D:6      | Found a transporter.
  4890 | D:6      | Noticed Ablot's ghost (novice GnSk)
  4905 | D:6      | Found a transporter.
  5132 | D:6      | Found a sparkling altar of Nemelex Xobeh.
  5132 | D:6      | Noticed Jessica
  5137 | D:6      | Killed Jessica
  5390 | D:7      | Reached XP level 9. HP: 72/78 MP: 13/13
  5654 | D:7      | Reached ** piety under Beogh
  5657 | D:7      | Reached skill level 9 in Axes
  5953 | D:7      | Reached skill level 5 in Shields
  5979 | D:7      | Found a staircase to the Ecumenical Temple.
  6560 | D:8      | Found a staircase to the Lair.
  6582 | D:8      | Noticed Harold
  6607 | D:8      | Killed Harold
  6808 | D:8      | Reached XP level 10. HP: 83/88 MP: 15/15
  6822 | D:8      | Reached skill level 10 in Axes
  7227 | D:9      | Found a runed gate.
  7227 | D:9      | Found a runed gate.
  7227 | D:9      | Found a runed gate.
  7237 | D:9      | Reached *** piety under Beogh
  7272 | D:9      | Noticed an 11-headed hydra
  7288 | D:9      | Noticed EnergyMaker's ghost (novice MiFi)
  7541 | D:9      | Identified the +1 hand axe "Havveqell" {pain, Str+2 Dex+6} (You took it off an orc on level 5 of the Dungeon)
  7649 | D:9      | Found a glowing silver altar of Zin.
  7798 | D:9      | Noticed a two-headed ogre
  7805 | D:9      | Killed a two-headed ogre
  7840 | D:9      | Noticed Erica
  7860 | D:9      | Killed Erica
  7860 | D:9      | Reached skill level 11 in Axes
  8251 | D:10     | Entered Level 10 of the Dungeon
  8259 | D:9      | Reached XP level 11. HP: 97/97 MP: 18/18
  8417 | D:10     | Reached **** piety under Beogh
  8840 | D:10     | Reached skill level 10 in Invocations
  9088 | D:10     | Found a stormy altar of Qazlal.
  9264 | D:11     | Reached skill level 10 in Fighting
  9470 | D:11     | Found a labyrinth entrance.
  9482 | Lab      | Entered a labyrinth
 10494 | Lab      | Noticed a minotaur
 10516 | Lab      | HP: 2/99 [minotaur/glaive of venom (29)]
 10522 | Lab      | Killed a minotaur
 10528 | Lab      | Identified the Almanac of Boosts
 10702 | D:11     | Noticed a two-headed ogre
 10709 | D:11     | Killed a two-headed ogre
 10709 | D:11     | Reached skill level 12 in Axes
 10856 | D:11     | Noticed a four-headed hydra
 10860 | D:11     | Killed a four-headed hydra
 10860 | D:11     | Reached skill level 10 in Armour
 11454 | D:12     | Noticed a white ugly thing
 11455 | D:12     | Reached XP level 12. HP: 107/107 MP: 20/20
 12114 | D:12     | Found a staircase to the Orcish Mines.
 12651 | D:12     | Noticed a four-headed hydra
 12654 | D:12     | Killed a four-headed hydra
 13074 | Lair:1   | Entered Level 1 of the Lair of Beasts
 13418 | Lair:1   | Gained Argrim as an ally
 13418 | Lair:1   | Reached skill level 13 in Axes
 13526 | D:8      | Got a silken robe
 14294 | Lair:2   | Reached skill level 10 in Shields
 14319 | Lair:2   | Reached ***** piety under Beogh
 14324 | Lair:2   | Gained Wulfoc as an ally
 14482 | Lair:2   | Noticed a four-headed hydra
 14485 | Lair:2   | Killed a four-headed hydra
 14485 | Lair:2   | Reached XP level 13. HP: 117/117 MP: 15/22
 14713 | Lair:2   | Found a dark tunnel.
 15084 | Lair:3   | Found a staircase to the Snake Pit.
 15841 | Lair:4   | Found a staircase to the Shoals.
 16003 | Lair:4   | Gained Margrim as an ally
 16366 | Lair:4   | Reached skill level 14 in Axes
 18079 | Lair:6   | Entered Level 6 of the Lair of Beasts
 18176 | Lair:6   | Noticed Nessos
 18181 | Lair:6   | Killed Nessos
 18181 | Lair:6   | Reached XP level 14. HP: 107/127 MP: 17/24
 18502 | Lair:6   | Noticed Snorg
 18511 | Lair:6   | Killed Snorg
 18517 | Lair:6   | Found a staircase to the Slime Pits.
 18517 | Lair:6   | Found a viscous altar of Jiyva.
 18557 | Lair:6   | Noticed Josephine
 18570 | Lair:6   | Killed Josephine
 18586 | Lair:6   | Noticed Rupert
 18591 | Lair:6   | Killed Rupert
 19104 | Lair:6   | Reached skill level 15 in Axes
 19294 | Lair:6   | Noticed a dire elephant
 19308 | Lair:6   | Killed a dire elephant
 19576 | Lair:6   | Identified Sif Muna's Guide on the Compass and the Frostbite
 19826 | D:9      | Killed EnergyMaker's ghost
 19831 | D:9      | Got an iridescent broad axe
 19832 | D:9      | Identified the +1 broad axe of Causality {chop, +Rage MR+ Str+3} (You found it on level 9 of the Dungeon)
 20036 | D:13     | Noticed Kirke
 20044 | D:13     | Killed Kirke
 20507 | D:13     | Reached XP level 15. HP: 132/137 MP: 25/25
 21069 | D:13     | Found a gate to the Vaults.
 21514 | D:14     | Gained Korbok as an ally
 21519 | D:14     | Noticed Agnes
 21523 | D:14     | Killed Agnes
 21751 | D:14     | Found Soduq's Distillery.
 21814 | D:14     | Reached skill level 15 in Invocations
 22193 | D:15     | Entered Level 15 of the Dungeon
 22201 | D:15     | Reached skill level 16 in Axes
 22317 | D:15     | Found an opulent altar of Gozag.
 22561 | D:15     | Found a white marble altar of Elyvilon.
 23022 | D:15     | Found a staircase to the Depths.
 23198 | Orc:1    | Entered Level 1 of the Orcish Mines
 23389 | Orc:2    | Entered Level 2 of the Orcish Mines
 23413 | Orc:2    | Gained Milork as an ally
 23426 | Orc:2    | Found a staircase to the Elven Halls.
 23651 | Orc:2    | Noticed an orc warlord
 23656 | Orc:2    | Gained mutation: You are dopey. (Int -2) [a neqoxec]
 23661 | Orc:2    | Gained mutation: You are weak. (Str -2) [a neqoxec]
 23665 | Orc:2    | Gained mutation: You are very dopey. (Int -4) [a neqoxec]
 23810 | Orc:1    | Killed an orc warlord
 25262 | Orc:2    | Paralysed by an orc sorcerer for 3 turns
 25566 | Orc:2    | Found Xiefamae's General Store.
 25567 | Orc:2    | Found Muxah's Book Boutique.
 25568 | Orc:2    | Found Vuulyczo's Antique Armour Boutique.
 25568 | Orc:2    | Found Yptuom's Antique Weapon Shop.
 25572 | Orc:2    | Bought a runed cloak for 262 gold pieces
 26060 | Orc:1    | Found a large runed door.
 26060 | Orc:1    | Found a large runed door.
 26116 | Orc:1    | Noticed zluc's ghost (journeyman DEFE)
 26343 | Elf:1    | Entered Level 1 of the Elven Halls
 26530 | Elf:1    | Reached XP level 16. HP: 147/147 MP: 27/27
 26680 | Elf:1    | Found Wokhak's Antique Weapon Shop.
 26818 | Elf:1    | Reached skill level 15 in Fighting
 27247 | Elf:1    | Gained Learuk as an ally
 27428 | Elf:1    | Got a scorched lapis lazuli ring
 27430 | Elf:1    | Identified the ring of Engachee {rF+++ Str+4 Int-4 Dex+7} (You found it on level 1 of the Elven Halls)
 27432 | Elf:1    | Got a jewelled spear
 28134 | Elf:2    | Reached skill level 17 in Axes
 28617 | Elf:2    | Found a runed gate.
 28617 | Elf:2    | Found a runed gate.
 28618 | Elf:2    | Found a runed gate.
 28835 | Elf:2    | Noticed a deep elf blademaster
 28864 | Elf:2    | Killed a deep elf blademaster
 29241 | Elf:2    | Reached XP level 17. HP: 130/158 MP: 29/29
 29399 | Elf:3    | Entered Level 3 of the Elven Halls
 29475 | Elf:3    | Gained Milork as an ally
 29537 | Elf:3    | Reached skill level 15 in Armour
 30526 | Elf:3    | Noticed a Hell Sentinel
 30526 | Elf:3    | Noticed a deep elf blademaster
 30534 | Elf:3    | Noticed a Tzitzimitl
 30534 | Elf:3    | Noticed a Brimstone Fiend
 30537 | Elf:3    | Noticed an Ice Fiend
 30537 | Elf:3    | Noticed a Brimstone Fiend
 30545 | Elf:3    | HP: 5/158 [deep elf high priest/divine providence (17)]
 30545 | Elf:3    | Killed a deep elf blademaster
 30569 | Elf:3    | Your ally Milork died
 30896 | Elf:3    | Noticed a deep elf blademaster
 30920 | Elf:3    | Killed a deep elf blademaster
 30950 | Elf:3    | Your ally Argrim died
 30962 | Elf:3    | Got a crude silver ring
 30963 | Elf:3    | Identified the ring of the Water Diviner {+Fly Str+4 Int+4 Slay+2} (You took it off a deep elf demonologist on level 3 of the Elven Halls)
 30982 | Elf:3    | Reached skill level 18 in Axes
 31001 | Elf:3    | Killed from afar by a deep elf death mage

Vault maps used:
D:1:      lightli_molten_gateway
D:2:      nicolae_overflow_crystal_walls
D:4:      gammafunk_temple_overflow_statue, serial_shops, shop,
          guppyfry_early_orc_mine
D:5:      kennysheep_mini_moat, grunt_temple_overflow_cloverleaf, first_ration,
          dk_noncrumbling_3
D:6:      gammafunk_ghost_stat_death, nemelex_lonely_heart_becter
D:7:      minmay_temple_entry_statues, grunt_ogre_cave
D:8:      lair_entry_dummy, uniq_harold
D:9:      gammafunk_ghost_hydra_chop, basic_altar, kennysheep_cross_bottleneck,
          uniq_erica
D:10:     nicolae_qazlal_style_of_elements
D:11:     lab_entry_generic
D:12:     zombieorc2_lemuel, bh_walls_and_bars
D:13:     grunt_vaults_entry_tiered, uniq_kirke
D:14:     serial_shops, shop, uniq_agnes
D:15:     grunt_enter_depths_snipers, serial_column_ruins,
          column_ruins_hut_pillars, column_ruins_columns_dead_end,
          column_ruins_open_small, column_ruins_open_small,
          column_ruins_corridor_straight, column_ruins_grid_1,
          column_ruins_open_tiny, basic_altar, nicolae_gozag_seed_capital
Lair:2:   enter_volcano_4, st_stairs_12, grunt_megastairs_4,
          infiniplex_staircase_pool_2, serial_bayou_shore_b
Lair:3:   dummy_snake_entry, lemuel_fruit_fields
Lair:4:   shoals_dummy_entry, st_stairs_7, grunt_forest_large_clearing_hut
Lair:6:   grunt_lair_end_beastmaster, slime_altar_1,
          hangedman_lair_generics_rect, uniq_snorg, uniq_rupert, uniq_josephine,
          uniq_nessos
Orc:1:    ebering_ghost_disaster_area
Orc:2:    st_orc_congregation
Elf:1:    serial_shops, nicolae_shop_crystal, hangedman_corner_corridor,
          laboratory
Elf:2:    nicolae_elf_v_pinch, minivault_14
Elf:3:    minmay_elf_hall_quartered_circle, minivault_24
Lab:      nicolae_lab_dead_adventurers

Skill      XL: |  1  2  3  4  5  6  7  8  9 10 11 12 13 14 15 16 17 |
---------------+----------------------------------------------------+-----
Axes           | 3 4 5 6 7 8 9 11 12 13 14 15 16 17 18 | 18.0
Armour         | 4 5 6 7 9 10 11 12 13 14 15 | 15.3
Invocations    | 2 3 4 6 7 9 10 12 13 14 15 16 17 | 17.2
Fighting       | 4 5 6 8 9 10 11 12 13 14 15 16 | 16.2
Shields        | 4 5 7 8 10 11 12 13 14 | 14.7

Action                   |  1- 3 |  4- 6 |  7- 9 | 10-12 | 13-15 | 16-18 || total
-------------------------+-------+-------+-------+-------+-------+-------++-------
Melee: War axe           |   120 |   173 |   394 |   915 |   472 |       ||  2074
       Broad axe         |       |       |       |       |   537 |   538 ||  1075
Throw: Stone             |    18 |    86 |   160 |   116 |       |       ||   380
       Javelin           |       |       |       |     8 |    46 |    30 ||    84
Invok: Convert to Beogh  |       |     1 |       |       |       |       ||     1
       Smiting           |       |       |       |    17 |    45 |     5 ||    67
       Recall Orcish Fol |       |       |       |     5 |    10 |     5 ||    20
       Give Item to Name |       |       |       |       |     3 |     2 ||     5
       Stop Recall       |       |       |       |       |       |     4 ||     4
Evoke: Wand              |       |     2 |       |    16 |       |     8 ||    26
  Use: Potion            |       |     1 |     1 |    14 |       |     6 ||    22
       Scroll            |       |       |    10 |     6 |    21 |     4 ||    41
 Stab: Distracted        |       |       |       |       |    11 |     6 ||    17
       Paralysed         |       |       |       |       |     1 |       ||     1
  Eat: Chunk             |     2 |     4 |    11 |    19 |    32 |    10 ||    78
       Ration            |       |       |     1 |     4 |     4 |     1 ||    10
Armor: Scale mail        |    59 |       |       |       |       |       ||    59
       Plate armour      |    31 |    92 |   207 |   317 |   577 |   268 ||  1492
       Chain mail        |       |       |    13 |   249 |       |       ||   262
Dodge: Dodged            |    31 |    21 |    55 |   203 |   214 |    75 ||   599
Block: Shield            |    76 |    86 |   154 |   539 |   645 |   251 ||  1751

Table legend:
 A = Non-vault XP
 B = Vault XP
 C = Vault XP percentage of total XP
 D = Non-vault monster count
 E = Vault monster count
 F = Vault count percentage of total count
 G = Total turns spent on level
                 A         B        C        D         E       F
            +---------+---------+-------+---------+---------+-------
      Total |  133861 |   80640 |  37.6 |     631 |     215 |  25.4
            +---------+---------+-------+---------+---------+-------
        D:1 |      30 |       0 |   0.0 |      16 |       0 |   0.0
        D:2 |      55 |       0 |   0.0 |      13 |       0 |   0.0
        D:3 |      43 |      46 |  51.7 |      13 |       3 |  18.8
        D:4 |     558 |     180 |  24.4 |      20 |       4 |  16.7
        D:5 |     611 |       0 |   0.0 |      21 |       0 |   0.0
        D:6 |     855 |      37 |   4.1 |      15 |       1 |   6.2
        D:7 |     773 |     113 |  12.8 |      21 |       1 |   4.5
        D:8 |     875 |    1028 |  54.0 |      26 |       1 |   3.7
        D:9 |    3181 |    2307 |  42.0 |      36 |       3 |   7.7
       D:10 |    3442 |       0 |   0.0 |      32 |       0 |   0.0
       D:11 |    4136 |       0 |   0.0 |      28 |       0 |   0.0
       D:12 |    5562 |     808 |  12.7 |      28 |      35 |  55.6
       D:13 |    6967 |    8485 |  54.9 |      32 |      31 |  49.2
       D:14 |    8366 |    2107 |  20.1 |      19 |       1 |   5.0
       D:15 |    9214 |    1995 |  17.8 |      35 |       3 |   7.9
     Lair:1 |    4504 |       0 |   0.0 |      26 |       0 |   0.0
     Lair:2 |    2720 |     862 |  24.1 |      12 |       3 |  20.0
     Lair:3 |    6089 |       0 |   0.0 |      31 |       0 |   0.0
     Lair:4 |   10075 |    1352 |  11.8 |      32 |       3 |   8.6
     Lair:5 |    2673 |       0 |   0.0 |      12 |       0 |   0.0
     Lair:6 |    6686 |   17276 |  72.1 |      31 |      34 |  52.3
      Orc:1 |    3984 |    2859 |  41.8 |      23 |       7 |  23.3
      Orc:2 |    1595 |    3646 |  69.6 |      16 |      23 |  59.0
      Elf:1 |   14778 |    4370 |  22.8 |      28 |      20 |  41.7
      Elf:2 |   17461 |   19001 |  52.1 |      32 |      28 |  46.7
      Elf:3 |   18628 |   12876 |  40.9 |      33 |      13 |  28.3
        Lab |       0 |    1292 | 100.0 |       0 |       1 | 100.0
            +---------+---------+-------+---------+---------+-------
